cohdb
Replays
Latest Replays
All Replays
Popular Replays
Top Player Replays
Match Explorer
How It Works
Community
CoH3 Stats
Reddit
Sign in to upload your games and track your stats! →
Sign in with Steam
Match 39549189
Unlisted
Match 39549189
Overview
Messages
Build Orders
End
Construct Infanterie Kompanie
Grenadier Squad
MG 42 Machine Gun Team
Grenadier Squad
Selects Mechanized Battlegroup
Grenadier Squad
Selects Raid Package
Construct Luftwaffe Kompanie
Flak 30 Anti-aircraft Gun Team
221 Scout Car
Selects 8 Rad Armored Car
8 Rad Armored Car
Selects Mobile Repair Stations
MG 42 Machine Gun Team
Medical Station
Jäger Squad
Construct Panzergrenadier Kompanie
Jäger Squad
Pak 40 Anti-tank Gun Team
Pak 40 Anti-tank Gun Team
Selects Panther Heavy Tank
Panther Heavy Tank
Pioneer Squad
Selects Spotting Scopes
Selects Wespe Self-propelled Artillery
Selects Mechanized Assault
8 Rad Armored Car
Panther Heavy Tank
天海默默无声
sword_crusher
0
0
Comments
sign in to comment!
No comments posted yet!